 Dungeon Crawl Stone Soup version 0.28.0-53-g5a82cb258f (webtiles) character file.

Game seed: 17692226763995683210

4 adizb the Caller (level 1, -2/10 HPs)
             Began as a Deep Elf Summoner on Aug 5, 2022.
             Slain by a kobold
             ... wielding a +0 dagger
              (4 damage)
             ... on level 1 of the Dungeon.
             The game lasted 00:01:28 (115 turns).

adizb the Caller (Deep Elf Summoner)                 Turns: 115, Time: 00:01:29

Health: -2/10      AC:  2    Str:  5    XL:     1   Next: 58%
Magic:  3/6        EV: 12    Int: 19    God:
Gold:   9          SH:  0    Dex: 15    Spells: 5/6 levels left

rFire   . . .      SeeInvis .   (no weapon)
rCold   . . .      Faith    .   (no shield)
rNeg    . . .      Spirit   .   a - +0 robe
rPois   .          Reflect  .   (no helmet)
rElec   .          Harm     .   (no cloak)
rCorr   .          Rampage  .   (no gloves)
Will    .....                   (no boots)
Stlth   ++........              (no amulet)
HPRegen 0.03/turn               (no ring)
MPRegen 0.10/turn               (no ring)

@: no status effects
A: no striking features
a: no special abilities


You were on level 1 of the Dungeon.
You visited 1 branch of the dungeon, and saw 1 of its levels.

You collected 9 gold pieces.

Inventory:

Armour
 a - a +0 robe (worn)
Scrolls
 b - a scroll of enchant weapon {unknown}


   Skills:
 + Level 2.5 Dodging
 + Level 2.6 Stealth
 + Level 3.1 Spellcasting
 + Level 4.4 Summonings


You had 5 spell levels left.
You knew the following spells:

 Your Spells              Type           Power      Damage    Failure   Level
a - Summon Small Mammal   Summ           76%        N/A       2%          1

Your spell library contained the following spells:

 Spells                   Type           Power      Damage    Failure   Level
 Call Imp                 Summ           19%        N/A       3%          2
 Call Canine Familiar     Summ           19%        N/A       7%          3
 Summon Guardian Golem    Hex/Summ       11%        N/A       19%         3
 Summon Lightning Spire   Summ/Air       11%        N/A       52%         4


Dungeon Overview and Level Annotations

Branches:
Dungeon (1/15)

Altars:


Message History

Press: ? - help, Dir - move target, f - bat
Aim: a bat Attack!
Your bat hits the bat but does no damage.
The bat barely misses your bat.
Your bat completely misses the bat.
The bat barely misses you.
Your quokka closely misses the bat.
The bat closely misses your quokka.
Your quokka closely misses the bat.
Your bat closely misses the bat.
Your quokka barely misses the bat.
The bat misses you. The kobold closely misses your bat.
Your quokka closely misses the bat.
Your bat misses the kobold. The bat closely misses your quokka.
The bat barely misses you.
Casting: Summon Small Mammal (safe; 2% risk of failure)
Press: ? - help, Q - select action Dir - look around, f - activate Your quokka disappears in a puff of smoke!
Your bat misses the bat. The bat closely misses you.
Your bat hits the bat. The bat hits you.
* * * LOW HITPOINT WARNING * * *
You hit the bat but do no damage.
The bat is moderately wounded.
Your bat barely misses the bat.
The bat closely misses you.
Your bat closely misses the kobold.
The bat closely misses your bat.
Your bat barely misses the bat.
The kobold hits your bat with a +0 dagger.
Your bat dies!
Your bat's corpse disappears in a puff of smoke!
Casting: Summon Small Mammal (safe; 2% risk of failure)
Press: ? - help, Q - select action Dir - look around, f - activate Your bat closely misses the bat.
The bat closely misses your bat. The bat completely misses your bat.
Your bat hits the bat.
The bat hits your bat but does no damage.
Your bat hits the bat. The bat barely misses your bat.
Your bat closely misses the kobold.
The bat hits your bat.
Your bat barely misses the bat.
Casting: Summon Small Mammal (safe; 2% risk of failure)
Press: ? - help, Q - select action Dir - look around, f - activate Your bat disappears in a puff of smoke!
The bat barely misses you. The kobold hits you with a +0 dagger.
You die...

#.###.....
##.#..#.##
#......# ##
#....### ...
###..#####.###
.##......#.....
#......r.......#
.#.#.##.#..#.#..#
..... #..†@..# .
.....####bK####.#
..>.....§.r.....#
....#..#########
.b....#.# .....
#.# .... #.# .#.
..# .. #.#


You could see a bat (ally target), a kobold (ally target) and 2 friendly
quokkas.

Vanquished Creatures (collateral kills)
  A bat (D:1)
  A hobgoblin (D:1)
  A quokka (D:1)
  A ball python (D:1)
4 creatures vanquished.

Notes
Turn   | Place    | Note
-------+----------+-------------------------------------------
     0 | D:1      | adizb the Deep Elf Summoner began the quest for the Orb.
     0 | D:1      | Reached XP level 1. HP: 10/10 MP: 6/6
   115 | D:1      | Slain by a kobold

Illustrated notes

Levels and vault maps discovered:
D:1:      nagdon_arrival_zigzag_paths, layout_loops_cross,
          basic_ecumenical_altar, minmay_misc_feat_enclosed, st_stairs_4

Action                   || total
-------------------------++-------
Melee: Unarmed           ||     9
       Punch             ||     1
 Cast: Summon Small Mamm ||     9
Armor: Robe              ||     1
Dodge: Dodged            ||    14
